 Dungeon Crawl Stone Soup version 0.29-a0-270-g1586fc07ea (webtiles) character file.

Game seed: 4368742578484700487

14 namelastname112 the Insei (level 2, -1/26 HPs)
             Began as a Draconian Monk on Mar 7, 2022.
             Slain by a kobold
             ... wielding a +0 short sword
              (3 damage)
             ... on level 1 of the Dungeon.
             The game lasted 00:00:23 (204 turns).

namelastname112 the Insei (Draconian Monk)           Turns: 204, Time: 00:00:24

Health: -1/26      AC:  4    Str: 13    XL:     2   Next: 27%
Magic:  2/2        EV: 16    Int: 10    God:
Gold:   12         SH:  0    Dex: 13    Spells: 1/1 levels left

rFire   . . .      SeeInvis .     - Unarmed
rCold   . . .      Faith    .   (no shield)
rNeg    . . .      Spirit   .   (body armour unavailable)
rPois   .          Reflect  .   (helmet restricted)
rElec   .          Harm     .   (no cloak)
rCorr   .          Rampage  .   (no gloves)
Will    .....                   (no boots)
Stlth   ++........              (no amulet)
HPRegen 0.08/turn               b - +4 ring of evasion
MPRegen 0.08/turn               (no ring)

@: no status effects
A: AC +4, unfitting armour, cold-blooded
a: no special abilities


You were on level 1 of the Dungeon.
You visited 1 branch of the dungeon, and saw 1 of its levels.

You collected 12 gold pieces.

Inventory:

Jewellery
 b - a +4 ring of evasion (left hand)
Potions
 a - a potion of ambrosia


   Skills:
 - Level 3.2 Fighting
 - Level 2.6 Dodging
 - Level 1.7 Stealth
 + Level 3.7 Unarmed Combat


You had one spell level left.
You didn't know any spells.
Your spell library was empty.

Dungeon Overview and Level Annotations

Branches:
Dungeon (1/15)

Altars:


Innate Abilities, Weirdness & Mutations

Your plain brown scales are hard. (AC +4)
You cannot fit into any form of body armour.
You are cold-blooded and may be slowed by cold attacks.


Message History

* * * don't die
* * * You take 1 damage, and have 6/26 hp!
The jackal attacks as you move away!!!
The jackal bites you but does no damage!
The jackal completely misses you!
You pummel the jackal like a punching bag!
The jackal is almost dead!
You closely miss the jackal!
The jackal is severely wounded!
The jackal closely misses you!
You barely miss the jackal! You tail-slap the jackal!
The jackal is almost dead!
The jackal closely misses you!
You pummel the jackal like a punching bag!
You annihilate the jackal!!!
You squash the jackal like an ant!!!
You annihilate the jackal!!!
The rat closely misses you!
Things that are here:
a jackal corpse; a jackal corpse You beat the rat into a bloody pulp!
You annihilate the rat!!!
You barely miss the kobold! The kobold barely misses you!
The kobold attacks as you move away!!!
The kobold hits you with a +0 short sword! * * * don't die
* * * You take 1 damage, and have 5/26 hp!
You pulverise the kobold!
The kobold is severely wounded!
The kobold barely misses you!
You squash the kobold but do no damage!
The kobold is severely wounded!
The kobold hits you with a +0 short sword! * * * don't die
* * * You take 4 damage, and have 2/26 hp!
You barely miss the kobold!
You tail-slap the kobold, but do no damage!
The kobold is severely wounded!
The kobold hits you with a +0 short sword! rip

.. # #.## .## # #..#
###..#### # >.## #........
.# #..## #........
.#######...## #........
.....#......# #........
.###........#######........
## #......^#..@Kg........
.# ##.##.#...####........
.######.##.>..## #........
........##..)..# #........
...........##..## #........
...###########..# #########
#### #..# ########## #..#
###........# ##.#


You could see a goblin and a kobold.

Vanquished Creatures
  A dart slug (D:1)
  A goblin (D:1)
  A hobgoblin (D:1)
  3 jackals (D:1)
  2 bats (D:1)
  2 kobolds (D:1)
  2 rats (D:1)
12 creatures vanquished.

Notes
Turn   | Place    | Note
-------+----------+-------------------------------------------
     0 | D:1      | namelastname112 the Draconian Monk began the quest for the
                  | Orb.
     0 | D:1      | Reached XP level 1. HP: 19/19 MP: 1/1
   157 | D:1      | Reached XP level 2. HP: 26/26 MP: 2/2
   204 | D:1      | Slain by a kobold

Illustrated notes

Levels and vault maps discovered:
D:1:      ncdulo_watergridlock, layout_rooms,
          dreamdust_ecumenical_altar_drowned_temple

Action                   || total
-------------------------++-------
Melee: Unarmed           ||    41
       Tailslap          ||     6
       Punch             ||     1
Armor: Skin              ||    12
Dodge: Dodged            ||    53

Table legend: (Time is in decaauts)
 A = Elapsed time spent in this place.
 B = Non-inter-level travel time spent in this place.
 C = Inter-level travel time spent in this place.
 D = Time resting spent in this place.
 E = Time spent auto-exploring this place.
 F = Levels seen in this place.
 G = Mean time per level.
                   A        B        C        D        E       F      G
               +--------+--------+--------+--------+--------+-----+--------+
         Total |    201 |    201 |      0 |      0 |    126 |   1 |  201.0 |
       Dungeon |    201 |    201 |      0 |      0 |    126 |   1 |  201.0 |
               +--------+--------+--------+--------+--------+-----+--------+

Top non-repeatable levels by time:
     D:1: 201 daAuts
